 Dungeon Crawl Stone Soup version 0.18.1-8-gdd0e5ea (webtiles) character file.

177 georgeearnest the Firebug (level 5, 0/41 HPs)
             Began as a Draconian Fire Elementalist on May 21, 2016.
             Was an Initiate of Nemelex Xobeh.
             Slain by an orc
             ... wielding a +0 trident
              (1 damage)
             ... on level 3 of the Dungeon.
             The game lasted 00:11:22 (3618 turns).

georgeearnest the Firebug (DrFE)                    Turns: 3618, Time: 00:11:23

Health: 0/41       AC:  5    Str: 12 (15) XL:     5   Next: 30%
Magic:  9/9        EV: 12    Int: 15 (16) God:    Nemelex Xobeh [......]
Gold:   105        SH:  0    Dex: 11 (12) Spells: 1 memorised, 8 levels left

rFire  + . .     SeeInvis .     b - +0 short sword
rCold  . . .     Gourm    .     (armour unavailable)
rNeg   . . .     Faith    .     (no shield)
rPois  .         Spirit   .     (helmet restricted)
rElec  .         Dismiss  .     (no cloak)
rCorr  .         Reflect  .     (no gloves)
SustAt .         Harm     .     (no boots)
MR     .....                    (no amulet)
Stlth  ++........               (no ring)
                                (no ring)

@: mighty, slowed, very slow, not resistant to hostile enchantments, unstealthy
A: unfitting armour, fire resistance 1, slow regeneration 1, cold-blooded, AC +5
a: Renounce Religion


You were on level 3 of the Dungeon.
You worshipped Nemelex Xobeh.
Nemelex Xobeh was noncommittal.
You were not hungry.

You visited 1 branch of the dungeon, and saw 3 of its levels.

You collected 105 gold pieces.

Inventory:

Hand Weapons
 b - a +0 short sword (weapon)
Jewellery
 d - a +4 ring of evasion {unknown}
Wands
 c - a wand of flame (18/48)
Scrolls
 f - a scroll of identify {unknown}
 i - a scroll of random uselessness {unknown}
 k - a scroll of blinking {unknown}
 n - a scroll of recharging {unknown}
 p - a scroll of enchant weapon {unknown}
Books
 a - a book of Flames

   Spells                             Type                      Level
   a - Flame Tongue                   Conjuration/Fire             1
   b - Throw Flame                    Conjuration/Fire             2
   c - Conjure Flame                  Conjuration/Fire             3
   d - Inner Flame                    Hexes/Fire                   3
   e - Sticky Flame                   Conjuration/Fire             4
   f - Fireball                       Conjuration/Fire             5
Miscellaneous
 l - a plain deck of war {drawn: 5}
Comestibles
 g - 2 beef jerkies
 h - a bread ration
 j - a meat ration


   Skills:
 * Level 2.2 Fighting
 * Level 0.4 Short Blades
 + Level 2.8 Dodging
 + Level 2.1 Stealth
 - Level 0.4 Unarmed Combat
 * Level 2.8 Spellcasting
 - Level 1.3 Conjurations
 * Level 3.9 Fire Magic


You had 8 spell levels left.
You knew the following spells:

 Your Spells              Type           Power        Failure   Level  Hunger
a - Flame Tongue          Conj/Fire      #....        10%         1    #......


Dungeon Overview and Level Annotations

Branches:
Dungeon (3/15)

Altars:
Gozag
Kikubaaqudgha
Nemelex Xobeh


Innate Abilities, Weirdness & Mutations

Your plain brown scales are hard (AC +5).
Your body does not fit into most forms of armour.
You are cold-blooded and may be slowed by cold attacks.
Your flesh is heat resistant.
You regenerate slowly when monsters are visible.


Message History

* * * LOW HITPOINT WARNING * * *
The orc wizard hits you but does no damage.
The orc barely misses you.
Georgeearnest's illusion hits the orc.
The orc wizard points at you and mumbles some strange words.
You feel yourself slow down.
The orc misses georgeearnest's illusion.
Read which item? (? for menu, Esc to quit)
As you read the scroll labeled VEGOCIC SIRA, it crumbles to dust.
It is a scroll of amnesia.
Forget which spell ([?*] list [ESC] exit)?
Forget which spell ([?*] list [ESC] exit)?
You don't know that spell.
Forget which spell ([?*] list [ESC] exit)?
Okay, then.
The orc completely misses you.
Georgeearnest's illusion hits the orc.
The orc dies!
The orc wizard barely misses you.
The orc hits you from afar with a trident.
You die...
Your body disappears without a glow.

#S######
#######hh.....
.......g######
### #######.#
#.. #..)....#
#o####.#######
#o#....#
#o#@#### #.@.#
#####


You could see an orc wizard, 2 orcs and the friendly georgeearnest's illusion.

Vanquished Creatures
  Robin (D:3)
  4 adders
  An ooze (D:1)
  4 worms (D:2)
  2 dart slugs
  2 giant geckos
  2 orcs (D:3)
  2 ball pythons
  11 bats
  2 giant cockroaches
  14 goblins
  14 hobgoblins
  7 jackals
  2 giant newts (D:1)
  12 kobolds
  2 rats
82 creatures vanquished.

Vanquished Creatures (collateral kills)
  An orc wizard (D:3)
  3 orcs (D:3)
4 creatures vanquished.

Grand Total: 86 creatures vanquished

Notes
Turn   | Place    | Note
--------------------------------------------------------------
     0 | D:1      | georgeearnest the Draconian Fire Elementalist began the quest for the Orb.
     0 | D:1      | Reached XP level 1. HP: 14/14 MP: 3/3
   441 | D:1      | Reached XP level 2. HP: 20/20 MP: 1/5
   905 | D:1      | Reached XP level 3. HP: 23/26 MP: 1/6
  2078 | D:2      | Reached skill level 1 in Fighting
  2078 | D:2      | Reached XP level 4. HP: 28/35 MP: 2/7
  2887 | D:2      | Found a sparkling altar of Nemelex Xobeh.
  2888 | D:2      | Found an opulent altar of Gozag.
  2919 | D:2      | Became a worshipper of Nemelex Xobeh the Trickster
  2953 | D:3      | Received a gift from Nemelex Xobeh
  3012 | D:3      | Found an ancient bone altar of Kikubaaqudgha.
  3172 | D:3      | Noticed Robin
  3191 | D:3      | Reached XP level 5. HP: 23/41 MP: 9/9
  3209 | D:3      | Gained mutation: You regenerate slowly when monsters are visible. [potion of mutation]
  3209 | D:3      | Gained mutation: Your flesh is heat resistant. [potion of mutation]
  3229 | D:3      | Killed Robin
  3616 | D:3      | HP: 1/41 [orc/short sword (3)]
  3618 | D:3      | Slain by an orc

Skill      XL: |  1  2  3  4 |
---------------+-------------+-----
Dodging        | 2 |  2.8
Stealth        | 2 |  2.1
Fighting       | 1 2 |  2.2
Short Blades   | |  0.4
Unarmed Combat | |  0.4
Spellcasting   | |  2.8
Conjurations   | |  1.3
Fire Magic     | |  3.9

Action                   |  1- 3 |  4- 6 || total
-------------------------+-------+-------++-------
Melee: Unarmed           |   111 |       ||   111
       Tailslap          |    17 |    11 ||    28
       Short sword       |    33 |   154 ||   187
 Cast: Flame Tongue      |    33 |    15 ||    48
Evoke: Deck              |       |     5 ||     5
  Use: Potion            |     3 |     6 ||     9
       Scroll            |       |     1 ||     1
 Stab: Sleeping          |       |     1 ||     1
  Eat: Bread ration      |     1 |     2 ||     3
Armor: Skin              |   107 |    85 ||   192
Dodge: Dodged            |   171 |   157 ||   328
